 Dungeon Crawl Stone Soup version 0.32-a0-172-gc5dd13f2a7 (webtiles) character file.

Game seed: 8468462446682172930

1162 dialectric the Shield-Bearer (level 8, -3/43 HPs)
             Began as a Vine Stalker Fighter on Feb 13, 2024.
             Was an Initiate of Lugonu.
             Slain by a troll (14 damage)
             ... on level 7 of the Dungeon.
             The game lasted 00:04:58 (3819 turns).

dialectric the Shield-Bearer (Vine Stalker Fighter) Turns: 3819, Time: 00:04:58

Health: -3/43      AC:  5    Str: 36    XL:     8   Next: 39%
Magic:  0/9        EV: 10    Int:  5    God:    Lugonu [......]
Gold:   172        SH:  5    Dex: 14    Spells: 7/7 levels left

rFire   . . .        a - +0 flail
rCold   . . .        c - +0 buckler
rNeg    + . .        b - +0 scale mail
rPois   .            z - +2 hat of Jixtepp {*Corrode Str+5}
rElec   .            s - +1 cloak "Plog" {Rampage Str+4 Int-3 Stlth+}
rCorr   .            v - +0 pair of gloves
SInv    .            B - +0 pair of boots
Will    +....        (no amulet)
Stlth   +            C - +6 ring of strength
HPRegen 1.07/turn    i - ring of positive energy
MPRegen 0.11/turn

%: corrode self (3%), guardian spirit, rampage
@: corroded
A: fangs 3, regeneration 1, magic shield, antimagic bite, no potion heal 2
a: Renounce Religion


You were on level 7 of the Dungeon.
You worshipped Lugonu.
Lugonu was noncommittal.
You visited 1 branch of the dungeon, and saw 7 of its levels.

You collected 308 gold pieces.
You spent 136 gold pieces at shops.

Inventory:

Hand Weapons
 a - a +0 flail (weapon)
Armour
 b - a +0 scale mail (worn)
 c - a +0 buckler (worn)
 s - the +1 cloak "Plog" (worn) {Rampage Str+4 Int-3 Stlth+}
   (You found it on level 3 of the Dungeon)

   Str+4:     It affects your strength (+4).
   Int-3:     It affects your intelligence (-3).
   Rampage:   It bestows one free step when moving towards enemies.
   Stlth+:    It makes you more stealthy.
 v - a +0 pair of gloves (worn)
 z - the +2 hat of Jixtepp (worn) {*Corrode Str+5}
   (You found it on level 4 of the Dungeon)

   Str+5:     It affects your strength (+5).
   *Corrode:  It may corrode you when you take damage.
 B - a +0 pair of boots (worn)
Jewellery
 i - a ring of positive energy (right hand)
 C - a +6 ring of strength (left hand)
 D - a ring of wizardry
Wands
 u - a wand of iceblast (10)
 y - a wand of paralysis (6)
Scrolls
 e - 2 scrolls of amnesia {unknown}
 f - a scroll of fear {unknown}
 j - 2 scrolls of fog {unknown}
 k - 2 scrolls of brand weapon {unknown}
 l - 2 scrolls of revelation {unknown}
 o - a scroll of enchant armour {unknown}
 p - a scroll of vulnerability {unknown}
 q - 2 scrolls of identify
 r - a scroll of torment {unknown}
 t - 3 scrolls of teleportation
 w - 2 scrolls of noise {unknown}
 x - a scroll of enchant weapon {unknown}
 A - a scroll of immolation {unknown}
Potions
 d - a potion of might
 g - 2 potions of enlightenment {unknown}
 h - a potion of cancellation {unknown}
 m - 2 potions of heal wounds
 n - 3 potions of curing
 E - a potion of attraction {unknown}
 F - a potion of lignification {unknown}
 G - a potion of brilliance


   Skills:
 + Level 5.1 Fighting
 + Level 4.7 Maces & Flails
 + Level 4.7 Armour
 + Level 5.2 Shields


You had 7 spell levels left.
You didn't know any spells.
Your spell library contained the following spells:

 Spells                   Type           Power      Damage    Failure   Level
 Foxfire                  Conj/Fire      0%         2x1d4     71%         1
 Inner Flame              Hex/Fire       0%         N/A       97%         3
 Irradiate                Conj/Alch      0%         3d11      100%        5
 Summon Forest            Summ/Tloc      0%         N/A       100%        5
 Eringya's Noxious Bog    Alch           0%         4d6       100%        6
 Plasma Beam              Fire/Air       0%         2x1d10    100%        6
 Starburst                Conj/Fire      0%         6d3       100%        6
 Summon Hydra             Summ           0%         N/A       100%        7
 Ignition                 Fire           0%         3d3       100%        8


Dungeon Overview and Level Annotations

Branches:
Dungeon (7/15)
 Temple: D:4-7

Altars:
Lugonu

Shops:
D:4 [:   D:6 *

Portals:
Abyss: D:5


Innate Abilities, Weirdness & Mutations

You have razor-sharp teeth.
Your natural rate of healing is unusually fast.
When hurt, damage is shared between your health and your magic reserves.
Your bite disrupts and absorbs the magic of your enemies.
Potions cannot restore your health.


Message History

The troll is moderately wounded.
The troll bites you but does no damage. The troll barely misses you.
The troll claws you.
You barely miss the troll.
The troll is moderately wounded.
The troll misses you. The troll closely misses you.
The troll barely misses you.
You hit the troll. You bite the troll! You drain its power.
The troll is heavily wounded.
The troll bites you! The troll barely misses you.
The troll claws you but does no damage.
You hit the troll but do no damage. You bite the troll! You drain its power.
You feel invigorated.
The troll is severely wounded.
The troll bites you but does no damage. The troll claws you but does no damage.
The troll claws you.
You closely miss the troll. Your bite misses the troll.
The troll is severely wounded.
You block the troll's attack. x2; The troll claws you but does no damage.
The troll bites you but does no damage. The troll claws you but does no damage.
The troll claws you!
Your corrosive artefact corrodes you!
You sock the troll! Your bite misses the troll.
The troll is almost dead.
The troll bites you but does no damage. You block the troll's attack.
The troll claws you.
Your corrosive artefact corrodes you!
You are too injured to fight recklessly!
You are too injured to fight recklessly!
You are too injured to fight recklessly!
You are too injured to fight recklessly!
You are too injured to fight recklessly!
You are too injured to fight recklessly!
You are too injured to fight recklessly!
You barely miss the troll.
The troll is almost dead.
The troll bites you but does no damage. The troll claws you! x2
* * * LOW HITPOINT WARNING * * *
You hit the troll. You bite the troll, but do no damage.
The troll is almost dead.
The troll bites you!
You die...

########
#......#
#.####.###
#.# #...#
#.# ###.#
#.###
#.######
#...#
#......#
+..>#@#
#####.##
###.#.T....#
#.#
#.######.#
#.# ..# #.#
..# #.# ....
#.# .#. #.#
###.# ###
#...#


You could see a troll.

Vanquished Creatures
  A wyvern (D:5)
  An acid dragon (D:6)
  A water moccasin (D:6)
  An ogre (D:6)
  A phantom (D:4)
  A bullfrog (D:6)
  2 scorpions
  2 hounds
  Jessica (D:2)
  3 iguanas (D:6)
  Ijyb (D:3)
  4 orc wizards (D:5)
  3 gnolls
  3 adders
  4 ribbon worms
  4 dart slugs
  7 orcs
  10 ball pythons
  5 bats
  8 endoplasms
  A giant cockroach (D:4)
  8 hobgoblins
  10 jackals
  7 quokkas
  4 frilled lizards
  7 goblins
  8 kobolds
  3 rats
111 creatures vanquished.

Vanquished Creatures (others)
  A lurking horror (D:5)
1 creature vanquished.

Grand Total: 112 creatures vanquished

Notes
Turn   | Place    | Note
-------+----------+-------------------------------------------
     0 | D:1      | dialectric the Vine Stalker Fighter began the quest for the
                  | Orb.
     0 | D:1      | Reached XP level 1. HP: 11/11 MP: 2/2
    20 | D:1      | Reached XP level 2. HP: 11/16 MP: 3/3
   202 | D:1      | Reached XP level 3. HP: 19/19 MP: 4/4
   337 | D:1      | Found a faded altar of an unknown god.
   700 | D:2      | Noticed Jessica
   711 | D:2      | Reached XP level 4. HP: 22/24 MP: 2/5
   713 | D:2      | Killed Jessica
  1275 | D:2      | Reached XP level 5. HP: 26/28 MP: 6/6
  1514 | D:3      | Identified the +1 cloak "Plog" {Rampage Str+4 Int-3 Stlth+}
  1818 | D:3      | Noticed Ijyb
  1828 | D:3      | Killed Ijyb
  1942 | D:4      | Noticed a phantom
  1965 | D:4      | Killed a phantom
  1966 | D:4      | Reached XP level 6. HP: 24/33 MP: 5/7
  2253 | D:4      | Found Ruowo's Tremendous Tomes.
  2260 | D:4      | Identified the +2 hat of Jixtepp {*Corrode Str+5}
  2307 | D:4      | Found Puruucyqure's Armour Emporium.
  2482 | D:4      | Bought a +0 pair of boots for 45 gold pieces
  2565 | D:5      | Entered Level 5 of the Dungeon
  2602 | D:5      | Found a one-way gate to the infinite horrors of the Abyss.
  2626 | D:5      | Found a corrupted altar of Lugonu.
  2652 | D:5      | Became a worshipper of Lugonu the Unformed
  2750 | D:5      | Noticed a wyvern
  2758 | D:5      | Killed a wyvern
  2759 | D:5      | Reached XP level 7. HP: 37/37 MP: 8/8
  3491 | D:6      | Gained mutation: You have razor-sharp teeth. [Vine Stalker
                  | growth]
  3491 | D:6      | Reached XP level 8. HP: 42/42 MP: 9/9
  3524 | D:6      | Reached skill level 5 in Fighting
  3524 | D:6      | Reached skill level 5 in Shields
  3651 | D:6      | Found Jeru's General Store.
  3655 | D:6      | Bought a scroll of teleportation for 39 gold pieces
  3655 | D:6      | Bought a potion of brilliance for 52 gold pieces
  3809 | D:7      | Noticed a troll
  3819 | D:7      | Slain by a troll

Illustrated notes

Levels and vault maps discovered:
D:1:      heliophobic_arrival_enchanted_forest, layout_basic,
          ebering_ecumenical_altar_mist
D:2:      layout_rooms, serial_forest, infiniplex_forest_lined_corner,
          infiniplex_forest_lined_3, infiniplex_forest_corner_1,
          infiniplex_forest_lined_3_way, infiniplex_forest_clump_long,
          infiniplex_forest_straight_3, infiniplex_forest_clump_medium,
          infiniplex_forest_lined_corner, minmay_circle_x, uniq_jessica
D:3:      layout_basic, uniq_ijyb
D:4:      layout_gridville, serial_shops, nicolae_shop_hallway_stairs,
          nicolae_shop_i_like_big_books, minmay_diced_spiral
D:5:      layout_loops_cross, minmay_misc_feat_cross,
          amcnicky_altar_lugonu_corruption
D:6:      layout_loops_ring, serial_shops, shop,
          serial_library_hellmonk_semicircle
D:7:      layout_basic, minmay_temple_entry_overgrown, serial_shops, shop,
          hangedman_abyss_or_decor_slice

Skill      XL: |  1  2  3  4  5  6  7  8 |
---------------+-------------------------+-----
Maces & Flails | 2 3 4 |  4.7
Shields        | 3 4 5 |  5.2
Fighting       | 3 4 5 |  5.1
Armour         | 3 4 |  4.7

Action                     |  1- 3 |  4- 6 |  7- 9 || total
---------------------------+-------+-------+-------++-------
  Melee: Flail             |   105 |   136 |    74 ||   315
         Bite              |    28 |    31 |    16 ||    75
    Use: Scroll            |       |     2 |       ||     2
 Armour: Scale mail        |    65 |   106 |    51 ||   222
  Dodge: Dodged            |    49 |    68 |    41 ||   158
  Block: Buckler           |    32 |    41 |    23 ||    96

Table legend: (Time is in decaauts)
 A = Elapsed time spent in this place.
 B = Non-inter-level travel time spent in this place.
 C = Inter-level travel time spent in this place.
 D = Time resting spent in this place.
 E = Time spent auto-exploring this place.
 F = Levels seen in this place.
 G = Mean time per level.
                   A        B        C        D        E       F      G
               +--------+--------+--------+--------+--------+-----+--------+
         Total |   3908 |   3698 |    210 |      3 |   2806 |   7 |  558.3 |
       Dungeon |   3908 |   3698 |    210 |      3 |   2806 |   7 |  558.3 |
               +--------+--------+--------+--------+--------+-----+--------+

Top non-repeatable levels by time:
     D:2: 784 daAuts
     D:3: 689 daAuts
     D:4: 645 daAuts
     D:5: 633 daAuts
     D:6: 581 daAuts
     D:1: 516 daAuts
     D:7: 57 daAuts
